Map: Prion Terraces

Players

ChewBox - Winner!

  • Race: Protoss Protoss

Landru

  • Race: Protoss Protoss

VOD

Have the link to the VOD?

Description

Val Kitty from ChewBox.com takes on a Protos player in 1 vs 1 in Legacy of the Void (StarCraft 2, LOTV) online match.

Time

  • Played on: Jan. 8, 2016, 8:59 p.m.
  • Length: 7:09
Show
View Real Time Build Order
Export as new Build Order

ChewBox Protoss - Winner!

Build Orders:  

Get SALT Encoding   

  13  0:07  Probe (Chrono Boost)  
  13  0:17  Probe (Chrono Boost)  
  14  0:28  Pylon, Probe (Chrono Boost)  
  15  0:46  Probe (Chrono Boost)  
  15  0:48  Gateway  
  16  0:54  Forge  
  16  1:03  Pylon  
  16  1:20  Assimilator  
  16  1:21  Pylon  
  16  1:36  Zealot (Chrono Boost)  
  18  1:40  Pylon  
  18  1:44  Probe (Chrono Boost)  
  19  1:54  Probe (Chrono Boost)  
  19  1:59  Gateway  
  20  2:03  Zealot (Chrono Boost)  
  20  2:05  Pylon  
  22  2:09  Probe (Chrono Boost)  
  23  2:20  Probe (Chrono Boost)  
  23  2:21  Photon Cannon  
  24  2:31  Zealot (Chrono Boost)  
  26  2:41  Probe (Chrono Boost)  
  27  2:46  Photon Cannon  
  27  2:51  Photon Cannon  
  27  2:52  Probe (Chrono Boost)  
  27  2:57  Pylon  
  28  3:03  Zealot (Chrono Boost)  
  30  3:09  Zealot (Chrono Boost)  
  32  3:22  Probe (Chrono Boost)  
  32  3:25  Pylon  
  33  3:29  Zealot  
  36  3:35  Probe (Chrono Boost)  
  36  3:46  Cybernetics Core  
  36  3:51  Photon Cannon  
  36  3:55  Pylon  
  36  3:58  Protoss Ground Weapons Level 1 (Chrono Boost)  
  36  4:04  Zealot  
  38  4:23  Mothership Core (Chrono Boost)  
  42  4:31  Stalker (Chrono Boost)  
  42  4:40  Zealot (Chrono Boost)  
  44  4:46  Assimilator  
  44  4:52  Probe (Chrono Boost)  
  45  4:56  Pylon  
  45  4:59  Zealot  
  47  5:03  Probe (Chrono Boost)  
  47  5:06  Photon Cannon  
  48  5:08  Photon Cannon  
  42  5:53  Stalker x2  
  41  6:57  Gateway  
  41  6:59  Gateway  
  41  7:02  Pylon  
Show
View Real Time Build Order
Export as new Build Order

Landru Protoss 

Build Orders:  

Get SALT Encoding   

  12  0:03  Probe (Chrono Boost)  
  13  0:23  Pylon, Probe (Chrono Boost)  
  14  0:34  Probe (Chrono Boost)  
  15  0:51  Probe (Chrono Boost), Gateway  
  15  0:53  Assimilator  
  16  0:59  Assimilator  
  16  1:02  Probe (Chrono Boost)  
  17  1:19  Probe (Chrono Boost)  
  18  1:37  Probe (Chrono Boost)  
  19  1:47  Zealot, Forge, Probe (Chrono Boost)  
  22  1:58  Probe (Chrono Boost)  
  23  2:06  Cybernetics Core  
  23  2:08  Gateway  
  23  2:24  Pylon  
  23  2:42  Probe (Chrono Boost)  
  24  2:45  Gateway  
  24  2:47  Warp Gate (Chrono Boost)  
  24  2:53  Probe  
  24  2:58  Zealot  
  27  3:09  Probe  
  28  3:21  Probe  
  29  3:32  Pylon  
  29  3:33  Probe  
  30  3:37  Pylon  
  30  3:42  Pylon  
  30  3:49  Pylon  
  30  4:03  Pylon  
  30  4:36  Pylon  
  30  4:37  Zealot x3  
  36  4:46  Nexus  
  36  4:54  Pylon  
  36  4:58  Zealot  
  38  5:00  Stalker  
  38  5:01  Stalker  
  36  5:24  Zealot x3  
  36  5:54  Zealot x3  
Tags
 
Add a new tag
Caveats
  • Supply blocks, unpowered buildings, or Contaminate may cause inaccurate times.
  • Supply counts are checked every 10 seconds.